 Dungeon Crawl Stone Soup version 0.21.1-1-g345015f (webtiles) character file.

88 Monsterracer the Vexing (level 4, -9/34 HPs)
             Began as a Demonspawn Arcane Marksman on Apr 14, 2018.
             Killed by divine providence
             ... invoked by an orc priest
              (14 damage)
             ... on level 3 of the Dungeon.
             The game lasted 00:04:23 (3027 turns).

Monsterracer the Vexing (DsAM)                      Turns: 3027, Time: 00:04:24

Health: -9/34      AC: 12    Str: 12    XL:     4   Next: 30%
Magic:  5/5        EV:  9    Int: 14    God:
Gold:   160        SH:  0    Dex: 13    Spells: 1/5 levels left

rFire    . . .     SeeInvis .   a - +0 war axe
rCold    . . .     Gourm    .   (no shield)
rNeg     . . .     Faith    .   u - +0 scale mail (curse)
rPois    .         Spirit   .   (no helmet)
rElec    .         Reflect  .   (no cloak)
rCorr    .         Harm     .   (no gloves)
MR       .....                  (no boots)
Stlth    ..........             (no amulet)
HPRegen  0.11/turn              (no ring)
MPRegen  0.09/turn              (no ring)

@: sanguine armour
A: hooves 1, spiny 1, sanguine armour 1
a: no special abilities


You were on level 3 of the Dungeon.
You were not hungry.

You visited 1 branch of the dungeon, and saw 3 of its levels.

You collected 160 gold pieces.

Inventory:

Hand Weapons
 a - a +0 war axe (weapon)
Missiles
 d - a throwing net
 f - 5 javelins
 m - 58 stones (quivered)
Armour
 b - a +0 ring mail
 u - a cursed +0 scale mail (worn)
Scrolls
 e - a scroll of enchant armour {unknown}
 g - 4 scrolls of identify {unknown}
 i - 2 scrolls of random uselessness {unknown}
 j - a scroll of teleportation {unknown}
 o - a scroll of remove curse {unknown}
 p - a scroll of fog {unknown}
 q - 2 scrolls of blinking {unknown}
 s - 4 scrolls of immolation {unknown}
Potions
 h - 2 potions of flight {unknown}
 k - 2 potions of brilliance {unknown}
 l - 3 potions of curing {unknown}
 n - 2 potions of invisibility {unknown}
 r - a potion of haste {unknown}
Comestibles
 c - 3 rations
 t - 3 chunks of flesh


   Skills:
 - Level 2.7 Fighting
 + Level 1.4 Axes
 - Level 2.2 Throwing
 - Level 2.4 Dodging
 - Level 1.0 Spellcasting
 - Level 3.0 Hexes


You had one spell level left.
You knew the following spells:

 Your Spells              Type           Power        Failure   Level  Hunger
a - Corona                Hex            #......      38%         1    ##.....
c - Portal Projectile     Hex/Tloc       #.....       93%         3    ####...


Dungeon Overview and Level Annotations

Branches:
Dungeon (3/15)

Altars:


Innate Abilities, Weirdness & Mutations

You have large cloven feet.
You are partially covered in sharp spines.
When seriously injured, your bleeding wounds create armour. (AC +6)


Message History

There are monsters nearby!
You barely miss the rat. The rat barely misses you.
The rat is struck by your spines.
You kill the rat!
The goblin misses you.
A goblin is nearby!
You closely miss the goblin. The goblin hits you but does no damage.
The goblin is struck by your spines.
You kill the goblin!
You have reached level 4!
You feel stronger.
Your demonic ancestry asserts itself...
You feel your blood ready itself to protect you.
Health restored: 34; MP restored: 5 You now have 142 gold pieces (gained 7).
m - 58 stones (gained 17)
You open the door.
A bat, an adder and a worm come into view.
Found a short sword.
There are monsters nearby!
You hit the worm. You kick the worm.
The worm is moderately wounded.
The worm is struck by your spines. The worm bites you.
You take 5 damage, and have 29/34 hp.
You barely miss the worm.
The worm is heavily wounded.
The worm bites you!
Your blood congeals into armour.
You take 7 damage, and have 22/34 hp.
MASSIVE DAMAGE!!
You are too injured to fight recklessly!
You are too injured to fight recklessly!
You are too injured to fight recklessly!
You slash the worm!
You kill the worm!
The bat is struck by your spines.
You kill the bat!
The adder bites you but does no damage.
You miss the adder. The adder is struck by your spines.
The adder bites you but does no damage. x2
You completely miss the adder.
The adder is lightly wounded.
The adder bites you but does no damage. The adder is struck by your spines.
The adder barely misses you.
Your scale mail prevents you from hitting the adder.
The adder is heavily wounded.
The adder is struck by your spines. The adder barely misses you.
You closely miss the adder. You kick the adder.
The adder is severely wounded.
Your blood armour dries and flakes away.
The adder is struck by your spines. The adder bites you.
Your blood congeals into armour.
The adder bites you but does no damage.
You take 3 damage, and have 20/34 hp.
You closely miss the adder. Your kick misses the adder.
The adder is almost dead.
The adder is struck by your spines.
You kill the adder!
Your Axes skill increases to level 1!
You swing at nothing.
You swing at nothing.
Your blood armour dries and flakes away.
Key pressed, stopping explore.
You are feeling hungry.
Health restored: 34 You butcher the adder corpse.
t - a chunk of flesh You butcher the worm corpse.
t - 4 chunks of flesh (gained 3)
There is an open door here. x2
Eating one of 4 chunks of flesh.
You eat one of the 4 chunks of flesh.
This raw flesh tastes terrible.
Found a stone staircase leading up.
l - 3 smoky golden potions (gained 1)
An ooze and an orc come into view.
The orc shouts!
You hear a shout!
There are monsters nearby!
There are monsters nearby!
An orc priest comes into view.
The orc priest shouts!
An orc and an orc priest come into view.
The orc shouts!
The orc priest shouts!
The orc hits you.
You see here 18 gold pieces.
You take 1 damage, and have 33/34 hp.
You slash the orc!
You kill the orc!
You hit the ooze. Your kick misses the ooze.
The ooze is moderately wounded.
The ooze is struck by your spines. The ooze hits you.
The orc priest invokes the aid of Beogh against you.
Beogh smites you!
* * * LOW HITPOINT WARNING * * *
Your blood congeals into armour.
The ooze is struck by your spines.
You kill the ooze!
You take 16 damage, and have 17/34 hp.
MASSIVE DAMAGE!!
You now have 160 gold pieces (gained 18).
The orc priest calls down the wrath of Beogh upon you.
Beogh smites you!
* * * LOW HITPOINT WARNING * * *
You take 12 damage, and have 5/34 hp.
MASSIVE DAMAGE!!
The orc priest calls down the wrath of Beogh upon you.
Beogh smites you!
You die...

### ..# #.# #.#
###.########.###
#.....@oo†..o...
#.#.########....
#.#.# #
#.###.#.#
#.......#
#####.### #.#
#.# #.####


You could see 2 orc priests and an orc.

Vanquished Creatures
  2 adders
  An ooze (D:3)
  A worm (D:3)
  4 leopard geckos
  2 orcs
  2 ball pythons (D:2)
  4 bats
  3 giant cockroaches (D:2)
  5 goblins
  9 hobgoblins
  2 quokkas (D:2)
  5 frilled lizards
  7 kobolds
  8 rats
55 creatures vanquished.

Vanquished Creatures (others)
  A plant (D:1)
  8 toadstools (D:3)
9 creatures vanquished.

Grand Total: 64 creatures vanquished

Notes
Turn   | Place    | Note
-------+----------+-------------------------------------------
     0 | D:1      | Monsterracer the Demonspawn Arcane Marksman began the quest for the Orb.
     0 | D:1      | Reached XP level 1. HP: 15/15 MP: 2/2
    49 | D:1      | HP: 5/15 [hobgoblin/club (3)]
    50 | D:1      | HP: 2/15 [hobgoblin/club (3)]
   581 | D:1      | Gained mutation: You have large cloven feet. [demonic ancestry]
   581 | D:1      | Reached XP level 2. HP: 14/22 MP: 3/3
  1519 | D:2      | HP: 11/22 [giant cockroach (2)]
  1524 | D:2      | HP: 6/22 [giant cockroach (2)]
  1525 | D:2      | Gained mutation: You are partially covered in sharp spines. [demonic ancestry]
  1525 | D:2      | Reached XP level 3. HP: 7/28 MP: 4/4
  2051 | D:1      | Learned a level 3 spell: Portal Projectile
  2239 | D:2      | HP: 9/28 [orc/war axe (8)]
  2829 | D:3      | Gained mutation: When seriously injured, your bleeding wounds create armour. (AC +6) [demonic ancestry]
  2829 | D:3      | Reached XP level 4. HP: 34/34 MP: 5/5
  2849 | D:3      | Reached skill level 1 in Axes
  3024 | D:3      | HP: 17/34 [orc priest/divine providence (14)]
  3026 | D:3      | HP: 5/34 [orc priest/divine providence (13)]
  3027 | D:3      | Killed from afar by an orc priest

Skill      XL: |  1  2  3  4 |
---------------+-------------+-----
Dodging        | 2 |  2.4
Fighting       | 2 |  2.7
Throwing       | 2 |  2.2
Axes           | 1 |  1.4
Spellcasting   | |  1.0
Hexes          | |  3.0

Action                   |  1- 3 |  4- 6 || total
-------------------------+-------+-------++-------
Melee: Dagger            |   105 |       ||   105
       Unarmed           |     6 |       ||     6
       Kick              |    16 |     2 ||    18
       War axe           |    11 |    10 ||    21
Throw: Javelin           |    12 |       ||    12
       Throwing net      |     1 |       ||     1
       Stone             |     4 |       ||     4
  Eat: Chunk             |     6 |     1 ||     7
Armor: Robe              |    21 |       ||    21
       Scale mail        |     4 |     5 ||     9
Dodge: Dodged            |    82 |     2 ||    84

Vault maps used:
D:1:      arrival_zaba_pyramid, serial_bayou, serial_bayou_pond_e,
          serial_bayou_lagoon_a, serial_bayou_pond_d, serial_bayou_shore_b,
          nrook_loot_triangle
D:2:      first_ration, minmay_small_reverse_x
D:3:      cheibrodos_fertilizer, uniq_robin, uniq_grinder
